 Dungeon Crawl Stone Soup version 0.30.1-11-g7821555f0a (webtiles) character file.

Game seed: 1831607549285479256

579 fireball365 the Chopper (level 7, -1/61 HPs)
             Began as a Minotaur Fighter on Nov 3, 2023.
             Slain by a gnoll sergeant
             ... wielding a +2 spear of flaming
              (10 damage)
             ... on level 4 of the Dungeon.
             The game lasted 00:05:16 (3665 turns).

fireball365 the Chopper (Minotaur Fighter)          Turns: 3665, Time: 00:05:17

Health: -1/61      AC:  8    Str: 22    XL:     7   Next: 13%
Magic:  6/6        EV: 10    Int:  5    God:
Gold:   275        SH:  4    Dex: 10    Spells: 6/6 levels left

rFire   . . .        a - +0 war axe
rCold   . . .        c - +0 buckler
rNeg    . . .        b - +0 scale mail
rPois   .            (helmet restricted)
rElec   .            (no cloak)
rCorr   .            f - +0 pair of gloves
SInv    .            (no boots)
Will    .....        (no amulet) Stlth
                     (no ring)
HPRegen 0.30/turn    (no ring)
MPRegen 0.10/turn

%: no passive effects
@: about to teleport, weakened
A: horns 2, retaliatory headbutt
a: no special abilities


You were on level 4 of the Dungeon.
You visited 1 branch of the dungeon, and saw 4 of its levels.

You collected 275 gold pieces.

Inventory:

Hand Weapons
 a - a +0 war axe (weapon)
Armour
 b - a +0 scale mail (worn)
 c - a +0 buckler (worn)
 f - a +0 pair of gloves (worn)
Scrolls
 h - 2 scrolls of blinking {unknown}
 i - 2 scrolls of noise {unknown}
 j - 5 scrolls of identify
 k - 2 scrolls of teleportation
 l - a scroll of poison {unknown}
 o - a scroll of amnesia {unknown}
 q - a scroll of fear {unknown}
 s - a scroll of immolation {unknown}
 u - a scroll of enchant weapon {unknown}
 w - a scroll of torment {unknown}
Potions
 d - 4 potions of might
 e - a potion of berserk rage
 m - a potion of mutation {unknown}
 n - 2 potions of curing {unknown}
 p - a potion of attraction {unknown}
 r - 3 potions of brilliance {unknown}
 t - 3 potions of flight {unknown}
 v - a potion of haste {unknown}


   Skills:
 + Level 5.4 Fighting
 + Level 6.5 Axes
 + Level 5.4 Armour
 + Level 1.3 Dodging
 + Level 0.6 Stealth
 + Level 4.6 Shields


You had 6 spell levels left.
You didn't know any spells.
Your spell library contained the following spells:

 Spells                   Type           Power      Damage    Failure   Level
 Apportation              Tloc           0%         N/A       85%         1
 Necrotise                Necr           0%         1d4       85%         1
 Slow                     Hex            0%         N/A       85%         1
 Sting                    Tmut/Pois      0%         1d3       85%         1
 Summon Small Mammal      Summ           0%         N/A       85%         1
 Blink                    Tloc           0%         N/A       94%         2
 Poisonous Vapours        Pois/Air       0%         N/A       94%         2
 Confusing Touch          Hex            0%         N/A       99%         3
 Summon Guardian Golem    Hex/Summ       0%         N/A       99%         3
 Vampiric Draining        Necr           0%         2d6       99%         3
 Manifold Assault         Tloc           0%         N/A       100%        4
 Olgreb's Toxic Radiance  Pois           0%         N/A       100%        4
 Orb of Destruction       Conj           0%         9d5       100%        7
 Spellforged Servitor     Conj/Summ      0%         N/A       100%        7
 Storm Form               Tmut/Air       0%         N/A       100%        7


Dungeon Overview and Level Annotations

Branches:
Dungeon (4/15)
 Temple: D:4-7

Altars:
Dithmenos
Elyvilon


Innate Abilities, Weirdness & Mutations

You have a pair of horns on your head.
You reflexively headbutt those who attack you in melee.


Message History

The gnoll is heavily wounded.
The gnoll misses you. You block the gnoll's attack.
You barely miss the gnoll. Your headbutt misses the gnoll.
The gnoll is heavily wounded.
The gnoll hits you but does no damage.
The gnoll bouda calls upon its god to heal the gnoll.
The gnoll's wounds heal themselves!
You closely miss the gnoll.
The gnoll shouts!
Your headbutt misses the gnoll.
The gnoll is heavily wounded.
The gnoll hits you with a +0 halberd.
You barely miss the gnoll.
The gnoll is heavily wounded.
The gnoll sergeant hits you from afar with a +2 spear of flaming.
The gnoll sergeant burns you. The gnoll hits you but does no damage.
The gnoll sergeant hits you from afar with a +2 spear of flaming.
* * * LOW HITPOINT WARNING * * *
The gnoll sergeant burns you.
* * * LOW HITPOINT WARNING * * *
The gnoll closely misses you. You furiously retaliate!
You headbutt the gnoll!
You kill the gnoll!
You feel much better.
The gnoll bouda gazes fiercely through you!
You feel your attacks grow feeble.
The gnoll sergeant hits you from afar with a +2 spear of flaming.
The gnoll sergeant burns you.
The gnoll hits you from afar with a +0 spear.
The gnoll sergeant hits you with a +2 spear of flaming!
* * * LOW HITPOINT WARNING * * *
The gnoll sergeant burns you.
* * * LOW HITPOINT WARNING * * *
Things that are here:
a +0 halberd; a gnoll corpse
As you read the scroll of teleportation, it crumbles to dust.
You feel strangely unstable. You block the gnoll's attack.
The gnoll bouda calls upon its god to heal the gnoll.
The gnoll is healed somewhat.
The gnoll sergeant hits you with a +2 spear of flaming!
You die...

#.# ... #########
#.#.### #.......#
#.#....
#.......###.#####
#.......##.......
##................
#...†.............
#.#####...........
♣@♣ #.....######
♣g♣ ####....)).)


♣ggg♣ #.####### ♣ggg♣ #.# #... ..g.. #.# #.## ♣)..♣?♣ #.# #.## ..♣.... #.# #.##
.....$..) #.# #.## ♣.###'###.♣ #.# #.## You could see a gnoll sergeant, a gnoll
bouda and 6 gnolls.

Vanquished Creatures
  Sigmund (D:2)
  Edmund (D:4)
  A scorpion (D:3)
  A sleepcap (D:2)
  Natasha (D:4)
  Robin (D:4)
  6 gnolls
  3 adders
  A worm (D:2)
  5 dart slugs (D:1)
  2 orcs (D:3)
  7 bats
  10 endoplasms
  2 giant cockroaches
  11 goblins
  9 hobgoblins
  9 kobolds
  2 quokkas (D:3)
  3 ball pythons
  3 frilled lizards (D:3)
  4 rats
83 creatures vanquished.

Notes
Turn   | Place    | Note
-------+----------+-------------------------------------------
     0 | D:1      | fireball365 the Minotaur Fighter began the quest for the
                  | Orb.
     0 | D:1      | Reached XP level 1. HP: 19/19 MP: 0/0
   158 | D:1      | Reached XP level 2. HP: 27/27 MP: 1/1
   468 | D:1      | Reached XP level 3. HP: 33/33 MP: 2/2
  1199 | D:2      | Noticed Sigmund
  1205 | D:2      | Killed Sigmund
  1206 | D:2      | Reached skill level 4 in Axes
  1206 | D:2      | Reached XP level 4. HP: 27/41 MP: 3/3
  1206 | D:2      | Reached XP level 5. HP: 31/47 MP: 4/4
  1749 | D:2      | Reached skill level 1 in Dodging
  1766 | D:2      | Reached skill level 5 in Axes
  2206 | D:3      | Reached skill level 5 in Fighting
  2206 | D:3      | Reached XP level 6. HP: 39/56 MP: 5/5
  2352 | D:3      | Identified the +2 helmet of Broken Taboos {Harm *Corrode
                  | rElec}
  2420 | D:3      | Found a shadowy altar of Dithmenos.
  2422 | D:3      | Found a white marble altar of Elyvilon.
  3071 | D:4      | Noticed Robin
  3082 | D:4      | Reached skill level 5 in Armour
  3091 | D:4      | Killed Robin
  3425 | D:4      | Noticed Edmund
  3445 | D:4      | Killed Edmund
  3446 | D:4      | Reached skill level 6 in Axes
  3626 | D:4      | Noticed Natasha
  3630 | D:4      | Killed Natasha
  3631 | D:4      | Reached XP level 7. HP: 59/61 MP: 6/6
  3652 | D:4      | HP: 1/61 [gnoll/+0 spear (3)]
  3665 | D:4      | Slain by a gnoll sergeant

Illustrated notes

Levels and vault maps discovered:
D:1:      scummos_arrival_simple_fountains, layout_loops_corners
D:2:      layout_basic, serial_curves, eino_curves_04, eino_curves_03,
          minmay_nonomino_d4, uniq_sigmund
D:3:      layout_loops_ring, jmf_multi_god_temple
D:4:      layout_basic, pf_guarded_unrand_woodcutter, uniq_robin, uniq_edmund,
          uniq_natasha, uniq_duvessa

Skill      XL: |  1  2  3  4  5  6 |
---------------+-------------------+-----
Shields        | 4 |  4.6
Fighting       | 4 5 |  5.4
Armour         | 4 5 |  5.4
Axes           | 4 5 6 |  6.5
Dodging        | 1 |  1.3
Stealth        | |  0.6

Action                     |  1- 3 |  4- 6 |  7- 9 || total
---------------------------+-------+-------+-------++-------
  Melee: War axe           |    50 |   115 |    13 ||   178
         Headbutt          |     8 |    13 |     1 ||    22
    Use: Scroll            |     2 |       |     1 ||     3
         Potion            |       |       |     2 ||     2
 Armour: Scale mail        |    22 |    78 |     8 ||   108
  Dodge: Dodged            |    24 |    66 |    29 ||   119
  Block: Buckler           |     9 |    36 |    13 ||    58
